 Dungeon Crawl Stone Soup version 0.27.1-33-g824d729ab1 (webtiles) character file.

Game seed: 14472134908274360948

46074 vvl the Grappler (level 14, -10/133 HPs)
             Began as a Troll Fighter on Dec 30, 2021.
             Was the Champion of Kikubaaqudgha.
             Shot with an arrow by a centaur warrior (13 damage)
             ... on level 14 of the Dungeon.
             The game lasted 00:57:35 (11454 turns).

vvl the Grappler (Troll Fighter)                   Turns: 11454, Time: 00:57:37

Health: -10/133    AC: 11    Str: 27    XL:     14   Next: 3%
Magic:  20/20      EV: 14    Int:  8    God:    Kikubaaqudgha [******]
Gold:   374        SH: 10    Dex:  9    Spells: 4/23 levels left

rFire    . . .     SeeInvis .     - Unarmed
rCold    . . .     Faith    .   b - +0 kite shield
rNeg     . . .     Spirit   .   T - +0 acid dragon scales
rPois    .         Reflect  .   (helmet restricted)
rElec    .         Harm     .   U - +0 cloak
rCorr    +         Rampage  .   (gloves unavailable)
Will     +....                  (boots unavailable)
Stlth    +.........             h - amulet of the acrobat
HPRegen  1.32/turn              k - +4 ring of evasion
MPRegen  0.17/turn              I - ring of wizardry

@: about to teleport
A: large, unfitting armour, claws 3, regeneration 1, shaggy fur 1, tough skin 1
a: Renounce Religion, Receive Corpses, Torment, Brand Weapon With Pain, Receive
Forbidden Knowledge


You were on level 14 of the Dungeon.
You worshipped Kikubaaqudgha.
Kikubaaqudgha was exalted by your worship.
You visited 2 branches of the dungeon, and saw 15 of its levels.
You also visited: Sewer and Bailey.

You collected 892 gold pieces.
You spent 518 gold pieces at shops.

Inventory:

Hand Weapons
 n - a +1 dagger of venom
 t - the +1 dagger "Gahy" {flame, *Slow Will+ Str+4 Dex+9}
   (You found it on level 4 of the Dungeon)

   It burns those it strikes, dealing additional fire damage.
   Str:       It affects your strength (+4).
   Dex:       It affects your dexterity (+9).
   *Slow:     It may slow you when you take damage.
   Will:      It increases your willpower.
 G - a +2 whip of electrocution
 S - a +0 mace of pain
 Y - the +7 mace of Somewhere Else {spect, Str+4}
   (You found it in a bailey)

   When its wielder attacks, the weapon's spirit leaps out and strikes again.
   The spirit shares a part of any damage it takes with its wielder.
   Str:       It affects your strength (+4).
Missiles
 u - 6 large rocks (quivered)
 X - 2 throwing nets
Armour
 b - a +0 kite shield (worn)
 w - a +2 robe of willpower
 R - a +1 robe of resistance
 T - +0 acid dragon scales (worn)
 U - a +0 cloak (worn)
Jewellery
 h - an amulet of the acrobat (around neck)
 k - a +4 ring of evasion (left claw)
 o - an amulet of regeneration
 E - a ring of flight
 I - a ring of wizardry (right claw)
Wands
 q - a wand of iceblast (12)
 H - a wand of polymorph (5)
 Q - a wand of digging (6)
 V - a wand of flame (9)
Scrolls
 a - a scroll of noise {unknown}
 f - a scroll of enchant armour
 j - 2 scrolls of vulnerability {unknown}
 m - 4 scrolls of immolation
 r - a scroll of fog {unknown}
 y - 2 scrolls of magic mapping {unknown}
 D - 3 scrolls of enchant weapon
 K - 2 scrolls of blinking {unknown}
 M - a scroll of holy word {unknown}
 N - 3 scrolls of amnesia {unknown}
 P - 2 scrolls of torment {unknown}
 Z - a scroll of summoning {unknown}
Potions
 c - 2 potions of might
 e - 2 potions of flight
 g - 2 potions of magic
 i - 4 potions of lignification
 l - 6 potions of curing
 p - 3 potions of attraction
 v - 2 potions of degeneration {unknown}
 x - 4 potions of invisibility
 z - 2 potions of heal wounds
 A - 2 potions of haste {unknown}
 B - 4 potions of brilliance
 C - 2 potions of resistance {unknown}
 F - 2 potions of mutation {unknown}
 O - a potion of ambrosia
Miscellaneous
 W - a lightning rod (4/4)


   Skills:
 + Level 7.2 Fighting
 + Level 6.7 Armour
 + Level 7.1 Dodging
 + Level 7.1 Shields
 * Level 11.4 Unarmed Combat
 + Level 5.0 Spellcasting
 + Level 6.6 Necromancy
 + Level 7.3 Earth Magic


You had 4 spell levels left.
You knew the following spells:

 Your Spells              Type           Power      Damage    Failure   Level
a - Borgnjor's Vile Clut  Necr/Erth      6%         N/A       28%         5
b - Death Channel         Necr           6%         N/A       86%         6
c - Animate Dead          Necr           6%         N/A       12%         4
d - Dispel Undead         Necr           12%        3d9       12%         4

Your spell library contained the following spells:

 Spells                   Type           Power      Damage    Failure   Level
 Animate Skeleton         Necr           24%        N/A       1%          1
 Pain                     Necr           48%        1d6       1%          1
 Sublimation of Blood     Necr           6%         N/A       1%          2
 Vampiric Draining        Necr           6%         2d6       4%          3
 Apportation              Tloc           4%         N/A       19%         1
 Corona                   Hex            2%         N/A       19%         1
 Freeze                   Ice            8%         1d3       19%         1
 Summon Small Mammal      Summ           8%         N/A       19%         1
 Slow                     Hex            2%         N/A       26%         2
 Confusing Touch          Hex            2%         N/A       45%         3
 Gell's Gravitas          Tloc           1%         N/A       45%         3
 Lesser Beckoning         Tloc           1%         N/A       45%         3
 Summon Guardian Golem    Hex/Summ       2%         N/A       45%         3
 Teleport Other           Tloc           2%         N/A       45%         3
 Agony                    Necr           12%        N/A       32%         5
 Metabolic Englaciation   Hex/Ice        1%         N/A       99%         5
 Simulacrum               Ice/Necr       3%         N/A       99%         6
 Haunt                    Necr/Summ      3%         N/A       100%        7
 Orb of Destruction       Conj           1%         N/A       100%        7
 Spellforged Servitor     Conj/Summ      1%         N/A       100%        7
 Death's Door             Necr           6%         N/A       100%        9


Dungeon Overview and Level Annotations

Branches:
Dungeon (14/15)            Temple (0/1) D:6            Lair (1/6) D:8
    Orc (0/2) D:10          Sewer (visited)          Bailey (visited)
 Vaults: D:13-14

Altars:
Cheibriados
Dithmenos
Hepliaklqana
Kikubaaqudgha
Makhleb
Okawaru
Trog
Zin
Beogh

Shops:
D:1 =   D:7 !   D:9 =   D:10 *   D:12 *

Annotations:
Lair:1 Fannar


Innate Abilities, Weirdness & Mutations

You are too large for most types of armour.
You have claws for hands.
Your natural rate of healing is unusually fast.
You are covered in fur. (AC +1)
You have tough skin. (AC +1)


Message History

You assume a fearsome visage.
The acid dragon looks frightened!
The centaur warrior looks frightened!
The centaur looks frightened! x2
A two-headed ogre comes into view. It is wielding two +0 giant clubs.
As you read the scroll of teleportation, it crumbles to dust.
You feel strangely unstable.
The two-headed ogre shouts in stereo!
Cornered, the centaur turns to fight!
A centaur opens the door.
You feel much better.
The centaur wields a +0 shortbow.
The centaur shoots an arrow.
The arrow closely misses you.
Your surroundings suddenly seem different.
Found 27 gold pieces.
The ogre mage shouts!
You hear a horrible gurgling sound!
The red ugly thing gurgles horribly!
You hear two shouts!
A boulder beetle comes into view.
The ogre mage casts a spell at you. The bolt of magma hits you!!
As you read the scroll of teleportation, it crumbles to dust.
You feel strangely unstable.
An ogre comes into view. It is wielding a +0 giant club.
The boulder beetle curls into a ball and begins rolling!
Your surroundings suddenly seem different.
The centaur warrior shouts!
The red ugly thing gurgles horribly!
As you read the scroll of teleportation, it crumbles to dust.
You feel strangely unstable.
The two-headed ogre hits you with a +0 giant club!!
* * * LOW HITPOINT WARNING * * *
The two-headed ogre hits you with a +0 giant club!
* * * LOW HITPOINT WARNING * * *
The centaur warrior shoots an arrow.
The arrow hits you!
* * * LOW HITPOINT WARNING * * *
The centaur shoots an arrow.
You block the arrow. The two-headed ogre misses you.
The two-headed ogre closely misses you.
You feel much better.
The centaur warrior shoots an arrow.
You block the arrow.
The centaur shoots an arrow.
The arrow hits you. The boulder beetle hits you!!!
* * * LOW HITPOINT WARNING * * *
The boulder beetle stops rolling and uncurls.
The centaur warrior shoots an arrow.
The arrow hits you!
You die...
Kikubaaqudgha rasps: "You have failed me!
Welcome... death!"

....
#......'..+
.#..#
#.##...####
..O... .^
##...#### .
..Oe .
#.......#
#.#..#
#.......#
#..c....#
#.c.....#
#.......#
#.O@....#
#.DB....#
##.°..###
#°...#
####Ou..#
#.......# ###
#.......# ....
#....O.##.....
#......#......


You could see a boulder beetle, a red ugly thing, a centaur warrior, 2
two-headed ogres, an ogre mage, an acid dragon and a centaur.

Vanquished Creatures
  Jorgrun (D:13)
  An orc warlord (Bailey)
  2 hydras
  4 centaur warriors
  2 boulder beetles
  Erica (D:9)
  6 two-headed ogres
  Nergalle (D:10)
  Pikel (D:4)
  3 deep elf pyromancers (D:12)
  4 ugly things (D:13)
  A cyclops (D:11)
  A manticore (D:10)
  3 unseen horrors
  Maggie (D:8)
  Psyche (D:8)
  2 kobold demonologists
  2 komodo dragons
  2 yaktaurs
  5 trolls
  Prince Ribbit (D:7)
  A hornet (D:10)
  Grinder (D:4)
  A shadow (D:10)
  Sigmund (D:4)
  Eustachio (D:6)
  A wyvern (D:8)
  8 yaks
  4 wraiths
  A basilisk (D:11)
  4 vampire mosquitoes (D:10)
  A steam dragon (D:5)
  An acid dragon (D:9)
  A water moccasin (D:8)
  A hornet zombie (D:8)
  7 orc warriors
  A sky beast (D:5)
  2 black bears
  2 ice beasts
  2 ogres
  2 lemures (D:4)
  14 centaurs
  2 kobold brigands (D:8)
  Blork the orc (D:4)
  A bullfrog (D:9)
  2 wyvern zombies
  2 scorpions (D:5)
  A water moccasin skeleton (D:2)
  15 wights
  5 howler monkeys
  A bullfrog zombie (D:6)
  7 orc priests
  A hound (D:8)
  3 centaur zombies
  2 gnoll shamans
  10 orc wizards
  4 iguanas (Lair:1)
  A killer bee zombie (D:8)
  3 howler monkey zombies
  12 gnolls
  8 river rats (Sewer)
  16 adders
  A shadow imp (D:6)
  An ufetubus (D:5)
  3 worms (D:2)
  2 dart slugs (D:2)
  38 orcs
  12 ball pythons
  5 endoplasms
  3 giant cockroaches
  16 goblins
  11 hobgoblins
  4 jackals (D:4)
  A quokka (D:2)
  A frilled lizard (Sewer)
  39 kobolds
  26 rats
362 creatures vanquished.

Vanquished Creatures (others)
  4 fungi
  8 plants
12 creatures vanquished.

Grand Total: 374 creatures vanquished

Notes
Turn   | Place    | Note
-------+----------+-------------------------------------------
     0 | D:1      | vvl the Troll Fighter began the quest for the Orb.
     0 | D:1      | Reached XP level 1. HP: 22/22 MP: 0/0
   104 | D:1      | Reached XP level 2. HP: 29/29 MP: 1/1
   426 | D:1      | Found Leijuif's Jewellery Shop.
   635 | D:2      | Reached XP level 3. HP: 36/36 MP: 2/2
   735 | D:2      | Reached XP level 4. HP: 36/44 MP: 3/3
   796 | D:2      | Reached skill level 1 in Earth Magic
  1067 | D:2      | Reached skill level 3 in Unarmed Combat
  1069 | D:2      | Reached skill level 1 in Armour
  1288 | D:2      | Reached skill level 1 in Necromancy
  1288 | D:2      | Reached XP level 5. HP: 50/50 MP: 4/4
  1661 | D:3      | Noticed a black bear
  1669 | D:3      | Killed a black bear
  1670 | D:3      | Reached XP level 6. HP: 55/59 MP: 6/6
  1685 | D:3      | Reached skill level 1 in Spellcasting
  1939 | D:3      | Found a snail-covered altar of Cheibriados.
  1941 | D:3      | Found an iron altar of Okawaru.
  1941 | D:3      | Found a glowing silver altar of Zin.
  2058 | D:4      | Noticed Pikel
  2114 | D:4      | Identified the +1 dagger "Gahy" {flame, *Slow Will+ Str+4
                  | Dex+9}
  2156 | D:4      | Found an ancient bone altar of Kikubaaqudgha.
  2159 | D:4      | Noticed Sigmund
  2171 | D:4      | Killed Sigmund
  2172 | D:4      | Reached skill level 4 in Unarmed Combat
  2172 | D:4      | Reached XP level 7. HP: 51/67 MP: 7/7
  2182 | D:4      | Became a worshipper of Kikubaaqudgha
  2350 | D:4      | Killed Pikel
  2351 | D:4      | Reached XP level 8. HP: 52/75 MP: 7/9
  2397 | D:4      | Noticed Grinder
  2398 | D:4      | Paralysed by Grinder for 4 turns
  2415 | D:4      | Noticed Blork the orc
  2420 | D:4      | Killed Grinder
  2421 | D:4      | Reached skill level 5 in Unarmed Combat
  2433 | D:4      | Killed Blork the orc
  2948 | D:5      | Entered Level 5 of the Dungeon
  3001 | D:5      | Found a glowing drain.
  3005 | Sewer    | Entered a sewer
  3045 | Sewer    | Reached * piety under Kikubaaqudgha
  3045 | Sewer    | Received a gift from Kikubaaqudgha
  3201 | Sewer    | Reached ** piety under Kikubaaqudgha
  3984 | D:5      | Found a bloodstained altar of Trog.
  4127 | D:5      | Reached XP level 9. HP: 84/84 MP: 11/11
  4626 | D:6      | Reached skill level 6 in Unarmed Combat
  4681 | D:6      | Reached *** piety under Kikubaaqudgha
  4681 | D:6      | Received a gift from Kikubaaqudgha
  4789 | D:6      | Found a staircase to the Ecumenical Temple.
  5280 | D:6      | Noticed Eustachio
  5303 | D:6      | Killed Eustachio
  5740 | D:7      | HP: 4/85 [something (4)]
  5755 | D:7      | Killed an unseen horror
  5939 | D:7      | Found Iczer's Distillery.
  5947 | D:7      | Bought a potion of might for 48 gold pieces
  5947 | D:7      | Bought a potion of ambrosia for 96 gold pieces
  5947 | D:7      | Bought a potion of curing for 36 gold pieces
  5947 | D:7      | Bought 2 potions of berserk rage for 120 gold pieces
  5947 | D:7      | Bought a potion of brilliance for 48 gold pieces
  6251 | D:8      | Found a staircase to the Lair.
  6269 | D:8      | Noticed Prince Ribbit
  6338 | D:7      | Killed Prince Ribbit
  6339 | D:7      | Reached skill level 7 in Unarmed Combat
  6366 | D:8      | Found a shadowy altar of Dithmenos.
  6454 | D:8      | Reached XP level 10. HP: 94/94 MP: 13/13
  6544 | D:8      | Noticed Psyche
  6546 | D:8      | Found a hazy altar of Hepliaklqana.
  6558 | D:8      | Killed Psyche
  6719 | D:8      | Found a burning altar of Makhleb.
  6722 | D:8      | Noticed Maggie
  6727 | D:8      | Killed Maggie
  6803 | Lair:1   | Entered Level 1 of the Lair of Beasts
  6932 | Lair:1   | Noticed Fannar
  7002 | D:9      | Reached skill level 5 in Fighting
  7002 | D:9      | Noticed a sixfirhy
  7015 | D:8      | Noticed a sun demon
  7016 | D:8      | Noticed a sixfirhy
  7047 | D:8      | Noticed a rust devil
  7054 | D:8      | Noticed a soul eater
  7146 | D:9      | Reached skill level 5 in Dodging
  7146 | D:9      | Reached skill level 5 in Shields
  7194 | D:9      | Found Paigrautaw's Jewellery Shop.
  7213 | D:9      | Noticed a two-headed ogre
  7217 | D:9      | Reached **** piety under Kikubaaqudgha
  7223 | D:9      | Killed a two-headed ogre
  7223 | D:9      | Noticed a two-headed ogre
  7224 | D:9      | Reached skill level 8 in Unarmed Combat
  7244 | D:9      | Killed a two-headed ogre
  7252 | D:9      | Reached skill level 5 in Earth Magic
  7252 | D:9      | Reached XP level 11. HP: 92/103 MP: 15/15
  7323 | D:9      | Noticed a two-headed ogre
  7340 | D:9      | Killed a two-headed ogre
  7558 | D:9      | Noticed Erica
  7572 | D:9      | Killed Erica
  7630 | D:10     | Entered Level 10 of the Dungeon
  7775 | D:10     | Found Nanel's General Store.
  7778 | D:10     | Found a staircase to the Orcish Mines.
  7828 | D:10     | Reached skill level 5 in Armour
  7835 | D:10     | Reached skill level 9 in Unarmed Combat
  7835 | D:10     | Reached skill level 5 in Necromancy
  7852 | D:10     | Bought a scroll of identify for 34 gold pieces
  7852 | D:10     | Bought a potion of heal wounds for 85 gold pieces
  7852 | D:10     | Bought a scroll of teleportation for 51 gold pieces
  7877 | D:10     | Noticed Nergalle
  7886 | D:10     | Killed Nergalle
  8002 | D:10     | Noticed a two-headed ogre
  8011 | D:10     | Killed a two-headed ogre
  8316 | D:10     | Noticed a two-headed ogre
  8322 | D:10     | Killed a two-headed ogre
  8461 | D:11     | Reached ***** piety under Kikubaaqudgha
  8466 | D:11     | Identified the +2 spear of Dismemberment {speed, Fly rElec
                  | rPois MP+9}
  8479 | D:11     | Reached XP level 12. HP: 108/114 MP: 17/17
  8731 | D:11     | Identified the +2 hand axe of Supply {vamp, rCorr Dex+2}
  8919 | D:12     | Noticed a boulder beetle
  8933 | D:12     | Killed a boulder beetle
  8989 | D:12     | Found a bloodstained altar of Trog.
  9049 | D:12     | Noticed a centaur warrior
  9068 | D:12     | Killed a centaur warrior
  9261 | D:12     | Reached skill level 10 in Unarmed Combat
  9270 | D:12     | Noticed an eight-headed hydra
  9271 | D:12     | Found Verygur's Assorted Antiques.
  9299 | D:12     | Killed an eight-headed hydra
  9431 | D:12     | Found a flagged portal.
  9457 | Bailey   | Entered a bailey
  9462 | Bailey   | Noticed an orc warlord
  9549 | Bailey   | Found a runed translucent gate.
  9551 | Bailey   | Found a runed translucent gate.
  9567 | Bailey   | Found a runed translucent gate.
  9660 | Bailey   | Killed an orc warlord
  9689 | Bailey   | Identified the +7 mace of Somewhere Else {spect, Str+4}
  9710 | Bailey   | Acquired the Catalogue of the Twisted Glacier
  9726 | Bailey   | Reached XP level 13. HP: 123/123 MP: 17/19
 10010 | D:12     | Learned a level 5 spell: Borgnjor's Vile Clutch
 10017 | D:12     | Learned a level 6 spell: Death Channel
 10022 | D:12     | Learned a level 4 spell: Animate Dead
 10027 | D:12     | Learned a level 4 spell: Dispel Undead
 10265 | D:13     | Noticed Jorgrun
 10379 | D:13     | Killed Jorgrun
 10380 | D:13     | Reached skill level 11 in Unarmed Combat
 11318 | D:13     | Reached skill level 5 in Spellcasting
 11359 | D:14     | Reached XP level 14. HP: 76/133 MP: 20/20
 11361 | D:14     | Reached ****** piety under Kikubaaqudgha
 11454 | D:14     | HP: 3/133 [boulder beetle (42)]
 11454 | D:14     | Shot with an arrow by a centaur warrior

Illustrated notes

Levels and vault maps discovered:
D:1:      kennysheep_arrival_forest, layout_basic, serial_shops,
          nicolae_shop_temple_entry_statues_fountains, minmay_unequal
D:2:      layout_loops_corners, chequers_serial_rivers_large_b,
          minmay_snake_closets
D:3:      layout_rooms, minitemple, due_unseen_surprise
D:4:      layout_basic, kiku_gazebo_pond_becter, uniq_sigmund, uniq_pikel,
          uniq_grinder, uniq_blork_the_orc
D:5:      layout_basic, mainiacjoe_overflow_surrounded_room,
          gup_sewer_entry_bowl, lemuel_flamethrower_1
D:6:      layout_loops_cross, minmay_temple_entry_junction, uniq_eustachio
D:7:      layout_loops_corners, serial_shops,
          nicolae_shop_temple_entry_statues_fountains
D:8:      layout_rooms, grunt_dithmenos_smoke_and_mirrors,
          nicolae_hepliaklqana_hazy_memory, makhleb_blood_cavern_becter,
          dpeg_oklobed_lair, uniq_psyche, uniq_maggie, uniq_prince_ribbit1
D:9:      layout_rooms, serial_shops, nicolae_shop_stone,
          minmay_misc_feat_encased, uniq_erica
D:10:     layout_rooms, minmay_orc_entry_temple_small, serial_shops, shop,
          uniq_nergalle
D:11:     layout_rooms
D:12:     layout_rooms, enter_bailey_5, serial_shops, shop, trog_hazing_becter
D:13:     layout_roguey, uniq_jorgrun
D:14:     layout_basic, hangedman_vaults_entry_quadrant_bands,
          nzn_ghost_randoct, minmay_nine_imps
Lair:1:   beast_lair_carwin_large_3, layout_cave_pods, nzn_sisyphean_effort,
          infiniplex_staircase_pool_2, uniq_fannar

Skill      XL: |  1  2  3  4  5  6  7  8  9 10 11 12 13 |
---------------+----------------------------------------+-----
Earth Magic    | 1 2 3 4 5 6 7 |  7.3
Unarmed Combat | 3 4 5 7 8 9 10 11 | 11.4
Armour         | 1 2 3 4 5 6 |  6.7
Necromancy     | 1 2 3 4 5 6 |  6.6
Spellcasting   | 1 2 3 4 5 |  5.0
Fighting       | 3 4 5 6 7 |  7.2
Shields        | 3 4 5 6 7 |  7.1
Dodging        | 3 4 5 6 7 |  7.1

Action                   |  1- 3 |  4- 6 |  7- 9 | 10-12 | 13-15 || total
-------------------------+-------+-------+-------+-------+-------++-------
Melee: Unarmed           |    66 |   155 |   391 |   611 |   131 ||  1354
Throw: Large rock        |       |       |       |     4 |       ||     4
Evoke: Wand              |       |       |    17 |    21 |     4 ||    42
  Use: Potion            |       |       |     3 |     5 |     7 ||    15
       Scroll            |       |       |       |    10 |     6 ||    16
Armor: Robe              |    17 |    36 |   102 |    23 |       ||   178
       Troll leather arm |       |       |       |     4 |       ||     4
       Acid dragon scale |       |       |       |   182 |    47 ||   229
Dodge: Dodged            |    12 |    51 |   199 |   437 |    94 ||   793
Block: Kite shield       |    29 |    82 |   200 |   352 |   103 ||   766
